 Dungeon Crawl Stone Soup version 0.17-a0-1115-g0372368 (webtiles) character file.

89 HEYYEYAAE the Shield-Bearer (level 4, 0/31 HPs)
             Began as an Octopode Fighter on May 23, 2015.
             Slain by a jackal (1 damage)
             ... on level 1 of the Dungeon.
             The game lasted 00:01:37 (1104 turns).

HEYYEYAAE the Shield-Bearer (Octopode Fighter)      Turns: 1104, Time: 00:01:37

Health: 0/31       AC:  1    Str: 13 (15) XL:     4   Next: 55%
Magic:  4/4        EV: 11    Int: 10      God:
Gold:   86         SH:  9    Dex: 12      Spells: 0 memorised, 3 levels left

rFire  . . .     SeeInvis .     a - +0 war axe
rCold  . . .     Clarity  .     b - +0 shield
rNeg   . . .     SustAt   .     (helmet restricted)
rPois  .         Gourm    .     (no amulet)
rElec  .         Spirit   .     (no ring)
rCorr  .         Warding  .     (no ring)
rMut   .         Stasis   .     (no ring)
MR     .....                    (no ring)
Stlth  ++........               (no ring)
                                (no ring)
                                (no ring)
                                (no ring)

@: not resistant to hostile enchantments, unstealthy
A: almost no armour, amphibious, 8 rings, constrict 8, camouflage 1, gelatinous
body 1
a: no special abilities


You were on level 1 of the Dungeon.
You were hungry.

You visited 1 branch of the dungeon, and saw 2 of its levels.

You collected 86 gold pieces.

Inventory:

Hand weapons
 a - a +0 war axe (weapon)
Armour
 b - a +0 shield (worn)
Scrolls
 c - a scroll of fog {unknown}
 f - a scroll of immolation {unknown}
 h - a scroll of blinking {unknown}
 i - a scroll of remove curse {unknown}
Potions
 k - a potion of ambrosia {unknown}
Comestibles
 d - 3 bread rations


   Skills:
 + Level 3.3 Fighting
 + Level 2.7 Axes
 * Level 3.6 Dodging
 * Level 4.0 Shields


You had 3 spell levels left.
You didn't know any spells.

Dungeon Overview and Level Annotations

Branches:
Dungeon (2/15)

Altars:

Annotations:
D:2 Sigmund


Innate Abilities, Weirdness & Mutations

You cannot wear most types of armour.
You are amphibious.
You can wear up to eight rings at the same time.
You can use your tentacles to constrict eight enemies at once.
Your skin changes colour to match your surroundings (Stealth).
Your rubbery body absorbs attacks (AC +1).


Message History

The jackal is moderately wounded.
The jackal closely misses you. The jackal bites you.
* * * LOW HITPOINT WARNING * * *
You barely miss the jackal. Your grab misses the jackal.
The jackal is moderately wounded.
You block the jackal's attack. The jackal closely misses you.
You slash the jackal!
You kill the jackal!
You hit the jackal but do no damage.
The jackal bites you but does no damage.
You block the jackal's attack. The jackal bites you.
* * * LOW HITPOINT WARNING * * *
The jackal bites you.
* * * LOW HITPOINT WARNING * * *
You closely miss the jackal. Your grab misses the jackal.
Your squeeze misses the jackal. The jackal barely misses you.
You barely miss the jackal. Your grab misses the jackal.
Your squeeze misses the jackal. The jackal bites you.
You die...

.......#.# #.................###
†#######.# #.###.#..#####.#.....
.†.....#.## #.# #.#..# #.#..###
##....⌠'..###.# #.#..# #.##.# #
<......#......# #.#..#####.##.###
>...⌠..#.####.###.##>............
####'###.# #.......######.##.###
.........# #.##h...(............
###.#########...@................
#...............#..............
######.#######..#....###.#...##
#.# #..#....# #.#...##
########.## ##..#....###.#...##
..........# #..................
########..# #..................
#..# #...###.####.#...## #..#
#...###............


You could see a jackal.

Vanquished Creatures
  An adder (D:2)
  6 oozes
  A worm (D:2)
  15 giant cockroaches
  2 goblins
  2 hobgoblins (D:2)
  7 jackals (D:1)
  A ball python (D:1)
  2 bats
  A giant newt (D:1)
  4 kobolds
  6 rats (D:1)
48 creatures vanquished.

Notes
Turn   | Place    | Note
--------------------------------------------------------------
     0 | D:1      | HEYYEYAAE the Octopode Fighter began the quest for the Orb.
     0 | D:1      | Reached XP level 1. HP: 16/16 MP: 1/1
     1 | D:1      | Found a runed door.
   269 | D:1      | Reached XP level 2. HP: 15/21 MP: 2/2
   843 | D:1      | Reached XP level 3. HP: 16/26 MP: 3/3
   864 | D:1      | Reached XP level 4. HP: 15/31 MP: 4/4
   975 | D:2      | Reached skill level 4 in Shields
  1045 | D:2      | Noticed Sigmund
  1102 | D:1      | HP: 1/31 [jackal (3)]
  1104 | D:1      | Slain by a jackal

Vault maps used:
D:1:      dpeg_arrival_caged_fury
D:2:      serial_park_tiny_pond, grunt_decor_clamped, lemuel_old_faithful,
          uniq_sigmund

Action                   |  1- 3 |  4- 6 || total
-------------------------+-------+-------++-------
Melee: War axe           |    52 |    21 ||    73
  Use: Potion            |     3 |     1 ||     4
 Stab: Sleeping          |     4 |     3 ||     7
